 Dungeon Crawl Stone Soup version 0.28-a0-1493-g08698888e4 (webtiles) character file.

Game seed: 16422645533046831315

203 a3don the Firebug (level 5, -14/46 HPs)
             Began as a Draconian Cinder Acolyte on Jan 12, 2022.
             Was a High Priest of Ignis.
             Demolished by Duvessa (18 damage)
             ... on level 4 of the Dungeon.
             The game lasted 00:07:54 (3718 turns).

a3don the Firebug (Draconian Cinder Acolyte)        Turns: 3718, Time: 00:07:55

Health: -14/46     AC:  5    Str: 17    XL:     5   Next: 51%
Magic:  0/8        EV: 11    Int: 16    God:    Ignis [*****.]
Gold:   191        SH:  0    Dex:  6    Spells: 6/8 levels left

rFire   + . .      SeeInvis .   a - -1 hand axe (flame)
rCold   . . .      Faith    .   (no shield)
rNeg    . . .      Spirit   .   (armour unavailable)
rPois   .          Reflect  .   (helmet restricted)
rElec   .          Harm     .   (no cloak)
rCorr   .          Rampage  .   (no gloves)
Will    .....                   (no boots)
Stlth   +.........              (no amulet)
HPRegen 0.15/turn               m - ring of wizardry
MPRegen 0.11/turn               (no ring)

@: very slightly contaminated
A: AC +5, unfitting armour, cold-blooded
a: Renounce Religion, Fiery Armour, Foxfire Swarm, Rising Flame


You were on level 4 of the Dungeon.
You worshipped Ignis.
Ignis was extremely pleased with you.
You visited 1 branch of the dungeon, and saw 4 of its levels.

You collected 191 gold pieces.

Inventory:

Hand Weapons
 a - a -1 hand axe of flaming (weapon)
 h - a +7 dagger of draining
Missiles
 o - 5 poisoned darts (quivered)
Armour
 e - an orb of guile
Jewellery
 m - a ring of wizardry (left hand)
 q - a ring of flight
Wands
 i - a wand of iceblast (9)
Scrolls
 c - a scroll of enchant weapon {unknown}
 d - 5 scrolls of teleportation {unknown}
 f - a scroll of amnesia {unknown}
 g - 2 scrolls of identify {unknown}
 k - a scroll of blinking {unknown}
Potions
 b - 3 potions of haste {unknown}
 j - a potion of berserk rage {unknown}
 l - a potion of brilliance {unknown}
 n - a potion of flight {unknown}
 p - a potion of invisibility {unknown}


   Skills:
 + Level 4.2 Fighting
 + Level 3.9 Axes
 + Level 2.3 Spellcasting
 * Level 4.4 Fire Magic


You had 6 spell levels left.
You knew the following spells:

 Your Spells              Type           Power      Damage    Failure   Level
a - Scorch                Fire           32%        2d7       1%          2

Your spell library contained the following spells:

 Spells                   Type           Power      Damage    Failure   Level
 Gell's Gravitas          Tloc           1%         N/A       24%         3
 Teleport Other           Tloc           1%         N/A       24%         3
 Dispersal                Tloc           0%         N/A       100%        6


Dungeon Overview and Level Annotations

Branches:
Dungeon (4/15)
 Temple: D:4-7

Altars:

Annotations:
D:4 Duvessa


Innate Abilities, Weirdness & Mutations

Your plain brown scales are hard. (AC +5)
You cannot fit into any form of body armour.
You are cold-blooded and may be slowed by cold attacks.


Message History

Press: ? - help, Q - select action, (/) - cycle Shift-Dir - straight line, f/p - Duvessa
Aim: Duvessa, wielding a +0 short sword and wearing a +2 chain mail of willpower (berserk, poisoned, 67% to hit)
You throw a poisoned dart. The poisoned dart hits Duvessa.
Duvessa looks even sicker.
Duvessa hits you with a +0 short sword.
Casting: Scorch (safe; 1% risk of failure)
Confirm with . or Enter, or press ? or * to list all spells.
Flames lash Duvessa.
Duvessa is lightly wounded.
Duvessa's fire resistance burns away.
Duvessa hits you but does no damage.
Throw: 6 darts (poison)
Press: ? - help, Q - select action, (/) - cycle Shift-Dir - straight line, f/p - Duvessa
Aim: Duvessa, wielding a +0 short sword and wearing a +2 chain mail of willpower (lightly wounded, berserk, very poisoned, more vulnerable to fire, 67% to hit)
You throw a poisoned dart. The poisoned dart hits Duvessa.
Duvessa looks even sicker.
Duvessa is lightly wounded.
Duvessa hits you with a +0 short sword! Duvessa hits you but does no damage.
Casting: Scorch (safe; 1% risk of failure)
Confirm with . or Enter, or press ? or * to list all spells.
Flames lash Duvessa but do no damage.
Duvessa barely misses you.
Casting: Scorch (safe; 1% risk of failure)
Confirm with . or Enter, or press ? or * to list all spells.
You miscast Scorch.
You are very lightly contaminated with residual magic.
Nothing appears to happen.
Duvessa hits you with a +0 short sword! Duvessa barely misses you.
Casting: Scorch (safe; 1% risk of failure)
Confirm with . or Enter, or press ? or * to list all spells.
Flames lash Duvessa.
Duvessa is moderately wounded.
Duvessa barely misses you.
Casting: Scorch (safe; 1% risk of failure)
Confirm with . or Enter, or press ? or * to list all spells.
You don't have enough magic to cast this spell.
You slash Duvessa! You burn Duvessa.
Duvessa is heavily wounded.
Duvessa hits you with a +0 short sword!
* * * LOW HITPOINT WARNING * * *
Duvessa hits you with a +0 short sword!!
You die...

#...........# #...#
#...........###((.#######
#.............(..(......#
#.......................###
#...................(...#..
#######.####.(......(...#..
#.# #..(.........#..
#.####(...........#..
#>..@e...............
#.####.........(..#..
#...........#######..
#...###........# ..
#...#.#........# .e
#..............# ..
#.....#........# ##
#.....#........#
#..............#


You could see Duvessa (berserk, very poisoned, combustible).

Vanquished Creatures
  Dowan (D:4)
  A hound (D:3)
  Jessica (D:2)
  4 adders
  A dart slug (D:2)
  6 ball pythons
  4 bats
  8 endoplasms
  3 giant cockroaches
  6 goblins
  5 hobgoblins
  2 jackals (D:2)
  3 quokkas
  4 frilled lizards
  10 kobolds
  3 rats (D:1)
62 creatures vanquished.

Notes
Turn   | Place    | Note
-------+----------+-------------------------------------------
     0 | D:1      | a3don the Draconian Cinder Acolyte began the quest for the
                  | Orb.
     0 | D:1      | Reached XP level 1. HP: 19/19 MP: 2/2
    13 | D:1      | Found a faded altar of an unknown god.
    41 | D:1      | Reached XP level 2. HP: 17/26 MP: 3/3
   323 | D:1      | Learned a level 2 spell: Scorch
   956 | D:2      | Reached XP level 3. HP: 31/31 MP: 5/5
  1892 | D:2      | Noticed Jessica
  1904 | D:2      | Killed Jessica
  1905 | D:2      | Reached XP level 4. HP: 13/39 MP: 1/6
  2687 | D:3      | Reached XP level 5. HP: 20/46 MP: 5/8
  3582 | D:4      | Noticed Dowan
  3652 | D:4      | Noticed Duvessa
  3677 | D:4      | Killed Dowan
  3718 | D:4      | Demolished by Duvessa

Illustrated notes

Levels and vault maps discovered:
D:1:      wander_arrival_chamber, layout_basic, basic_ecumenical_altar
D:2:      layout_basic, uniq_jessica
D:3:      layout_basic, skrybe_limestone_x, minmay_unequal
D:4:      kennysheep_goblin_castle, layout_basic, kiku_gazebo_garden_becter,
          nicolae_grassy_gnolls, uniq_robin, uniq_eustachio, uniq_duvessa,
          uniq_edmund

Skill      XL: |  1  2  3  4 |
---------------+-------------+-----
Spellcasting   | 2 |  2.3
Fighting       | 4 |  4.2
Fire Magic     | 4 |  4.4
Axes           | |  3.9

Action                   |  1- 3 |  4- 6 || total
-------------------------+-------+-------++-------
Melee: Hand axe          |   102 |    78 ||   180
       Tailslap          |    10 |     8 ||    18
       Punch             |     2 |       ||     2
Throw: Dart              |       |    12 ||    12
 Cast: Scorch            |     2 |    13 ||    15
Armor: Skin              |    40 |    37 ||    77
Dodge: Dodged            |    64 |    61 ||   125

Table legend: (Time is in decaauts)
 A = Elapsed time spent in this place.
 B = Non-inter-level travel time spent in this place.
 C = Inter-level travel time spent in this place.
 D = Time resting spent in this place.
 E = Time spent auto-exploring this place.
 F = Levels seen in this place.
 G = Mean time per level.
                   A        B        C        D        E       F      G
               +--------+--------+--------+--------+--------+-----+--------+
         Total |   3748 |   3634 |    114 |    624 |   2499 |   4 |  937.0 |
       Dungeon |   3748 |   3634 |    114 |    624 |   2499 |   4 |  937.0 |
               +--------+--------+--------+--------+--------+-----+--------+

Top non-repeatable levels by time:
     D:3: 1291 daAuts
     D:2: 1276 daAuts
     D:1: 959 daAuts
     D:4: 221 daAuts
